 Dungeon Crawl Stone Soup version 0.19.0-11-g3fc08b3 (webtiles) character file.

41 McCoppin the Cudgeler (level 3, 0/20 HPs)
             Began as a Vine Stalker Chaos Knight on Nov 8, 2016.
             Slain by a hobgoblin
             ... wielding a +0 club
              (3 damage)
             ... on level 2 of the Dungeon.
             The game lasted 00:02:33 (747 turns).

McCoppin the Cudgeler (Vine Stalker Chaos Knight)    Turns: 747, Time: 00:02:34

Health: 0/20       AC:  5    Str: 15    XL:     3   Next: 52%
Magic:  0/4        EV: 11    Int: 12    God:    Xom [...*..]
Gold:   57         SH:  0    Dex: 13    Spells: 0 memorised, 2 levels left

rFire  . . .     SeeInvis .     a - +0 mace (chaos)
rCold  . . .     Gourm    .     b - +2 leather armour
rNeg   . . .     Faith    .     (no shield)
rPois  .         Spirit   +     (no helmet)
rElec  .         Reflect  .     (no cloak)
rCorr  .         Harm     .     (no gloves)
MR     .....                    (no boots)
Stlth  ++........               (no amulet)
                                (no ring)
                                (no ring)

@: no status effects
A: fangs 2, magic shield, antimagic bite, no device heal 3, rot immunity
a: Renounce Religion


You were on level 2 of the Dungeon.
You worshipped Xom.
You were a favourite toy of Xom.
You were not hungry.

You visited 1 branch of the dungeon, and saw 2 of its levels.

You collected 57 gold pieces.

Inventory:

Hand Weapons
 a - a +0 mace of chaos (weapon)
Armour
 b - a +2 leather armour (worn)
 e - a +0 shield
Scrolls
 d - 2 scrolls of enchant armour {unknown}
 h - a scroll of blinking {unknown}
 k - a scroll of remove curse {unknown}
Potions
 f - a potion of invisibility {unknown}
 g - a potion of berserk rage {unknown}
Comestibles
 c - a bread ration
 j - 3 fruits


   Skills:
 + Level 3.2 Fighting
 + Level 3.3 Maces & Flails
 - Level 1.5 Armour
 - Level 0.7 Dodging
 + Level 1.5 Stealth


You had 2 spell levels left.
You didn't know any spells.

Dungeon Overview and Level Annotations

Branches:
Dungeon (2/15)

Altars:


Innate Abilities, Weirdness & Mutations

You have extremely sharp teeth.
When hurt, damage is shared between your health and your magic reserves.
Your bite disrupts and absorbs the magic of your enemies.
Potions and wands cannot restore your health.
You are immune to rotting.


Message History

You hit the hobgoblin. You drain the hobgoblin!
The hobgoblin is heavily wounded.
The hobgoblin hits you but does no damage.
The hobgoblin closely misses you.
You hit the hobgoblin but do no damage. Your bite misses the hobgoblin.
The hobgoblin is heavily wounded.
The hobgoblin hits you with a club.
* * * LOW HITPOINT WARNING * * *
The hobgoblin hits you with a club.
* * * LOW HITPOINT WARNING * * *
You closely miss the hobgoblin. Your bite misses the hobgoblin.
The hobgoblin is heavily wounded.
The hobgoblin hits you with a club!
You die... "Hey, things were just getting interesting!"
Xom revives you!
It was a potion of heal wounds.
That seemed strangely inert.
The hobgoblin barely misses you. The hobgoblin hits you with a club.
You die... "Boring in life, boring in death..."

#.......######........
#............#........
#................#+###
####.........#......#
##..........<.....#
#..................#
#.†.................
#...................
#...@#+#..#.........
#####gl...#.........
.....#.#.......
(....#. ....... .....#
.....# .....# ......


You could see a hobgoblin (berserk) and a frilled lizard.

Vanquished Creatures
  An ooze (D:1)
  A worm (D:1)
  A ball python (D:2)
  3 giant cockroaches (D:1)
  3 hobgoblins (D:1)
  7 jackals (D:1)
  5 kobolds
  3 bats (D:1)
  A frilled lizard (D:1)
  3 goblins (D:1)
  3 rats (D:1)
31 creatures vanquished.

Notes
Turn   | Place    | Note
-------+----------+-------------------------------------------
     0 | D:1      | McCoppin the Vine Stalker Chaos Knight began the quest for the Orb.
     0 | D:1      | Reached XP level 1. HP: 11/11 MP: 2/2
    68 | D:1      | Reached XP level 2. HP: 8/16 MP: 3/3
    73 | D:1      | Reached skill level 1 in Stealth
   286 | D:1      | XOM: harmless Divn miscast
   458 | D:1      | Reached XP level 3. HP: 20/20 MP: 4/4
   553 | D:1      | XOM: 2-stop teleportation journey
   745 | D:2      | HP: 1/20 [hobgoblin/club (2)]
   746 | D:2      | Xom revived you
   747 | D:2      | Slain by a hobgoblin

Skill      XL: |  1  2 |
---------------+-------+-----
Fighting       | 3 |  3.2
Stealth        | 1 |  1.5
Maces & Flails | 3 |  3.3
Armour         | |  1.5
Dodging        | |  0.7

Action                   || total
-------------------------++-------
Melee: Mace              ||    77
       Bite              ||    22
  Use: Potion            ||     1
 Stab: Sleeping          ||     3
Armor: Leather armour    ||    22
Dodge: Dodged            ||    37
